 Dungeon Crawl Stone Soup version 0.31-a0-868-g674d60d6f7 (webtiles) character file.

Game seed: 7909943470654494033

292 Getoffmy the Covered (level 6, -1/55 HPs)
             Began as an Armataur Fighter on Oct 12, 2023.
             Was an Initiate of Gozag.
             Killed from afar by Ijyb (13 damage)
             ... with a bolt of dispelling energy
             ... on level 3 of the Dungeon.
             The game lasted 00:02:48 (2267 turns).

Getoffmy the Covered (Armataur Fighter)             Turns: 2267, Time: 00:02:48

Health: -1/55      AC: 10    Str: 23    XL:     6   Next: 10%
Magic:  6/6        EV:  7    Int:  8    God:    Gozag
Gold:   370        SH:  4    Dex: 10    Spells: 5/5 levels left

rFire   . . .        a - +0 war axe
rCold   . . .        c - +0 buckler
rNeg    . . .        t - +1 scale mail {rPois}
rPois   +            s - +0 helmet
rElec   .            n - +0 cloak
rCorr   .            (no gloves)
SInv    .            (no barding)
Will    .....        (no amulet) Stlth
                     (no ring)
HPRegen 0.29/turn    (no ring)
MPRegen 0.10/turn

%: roll
@: mighty, gold aura
A: large, rugged brown scales 3, deformed body, armoured tail, roll, long
tongue, awkward tongue
a: Renounce Religion, Potion Petition, Call Merchant, Bribe Branch


You were on level 3 of the Dungeon.
You worshipped Gozag.
Gozag was aware of your devotion.
You visited 1 branch of the dungeon, and saw 3 of its levels.

You collected 370 gold pieces.

Inventory:

Hand Weapons
 a - a +0 war axe (weapon)
Missiles
 e - 2 boomerangs
 g - 17 stones
Armour
 c - a +0 buckler (worn)
 n - a +0 cloak (worn)
 s - a +0 helmet (worn)
 t - a +1 scale mail of poison resistance (worn)
Jewellery
 b - an amulet of guardian spirit
Scrolls
 i - 5 scrolls of identify {unknown}
 l - a scroll of amnesia {unknown}
 p - a scroll of teleportation {unknown}
 q - a scroll of noise {unknown}
 u - a scroll of poison {unknown}
Potions
 f - 2 potions of curing {unknown}
 h - a potion of ambrosia {unknown}
 j - a potion of degeneration {unknown}
 k - 2 potions of attraction {unknown}
 m - a potion of haste {unknown}
 o - 2 potions of enlightenment {unknown}
 r - a potion of brilliance {unknown}


   Skills:
 + Level 3.6 Fighting
 * Level 3.5 Axes
 + Level 4.8 Armour
 + Level 4.5 Shields


You had 5 spell levels left.
You didn't know any spells.
Your spell library contained the following spells:

 Spells                   Type           Power      Damage    Failure   Level
 Magic Dart               Conj           0%         1d3       77%         1
 Sandblast                Erth           0%         2d4       77%         1
 Call Imp                 Summ           0%         N/A       88%         2
 Passwall                 Tmut/Erth      0%         N/A       88%         2
 Dazzling Flash           Conj/Hex       0%         N/A       98%         3
 Mephitic Cloud           Conj/Pois/Air  0%         N/A       98%         3
 Stone Arrow              Conj/Erth      0%         3d7       98%         3
 Brom's Barrelling Bould  Conj/Erth      0%         2d3       100%        4
 Vhi's Electric Charge    Tloc/Air       0%         N/A       100%        4
 Agony                    Necr           0%         N/A       100%        5
 Arcjolt                  Conj/Air       0%         1d10      100%        5
 Silence                  Hex/Air        0%         N/A       100%        5
 Maxwell's Capacitive Co  Air            0%         ∞         100%        8


Dungeon Overview and Level Annotations

Branches:
Dungeon (3/15)

Altars:
Gozag
Zin

Annotations:
D:3 Ijyb


Innate Abilities, Weirdness & Mutations

You are completely covered in rugged brown scales. (AC +3, +7% HP)
Armour fits poorly on your strangely shaped body.
You have a long armoured tail.
You roll when moving toward enemies. (Rampage)
Your long tongue fully drains potion bottles. (2x potion effects)
Your tongue gives you trouble enunciating. (1.5x scroll delay)


Message History

You roll towards the adder!
Found a plate armour.
Ijyb the Twisted Goblin comes into view.
She is wielding a +0 club, wearing a +1 ring mail of willpower and carrying a wand of quicksilver.
Ijyb shouts!
The adder bites you.
Ijyb zaps a wand.
The bolt of dispelling energy hits you!
You miss the adder. You block the adder's attack.
Ijyb zaps a wand.
The bolt of dispelling energy hits you. The adder barely misses you.
You closely miss the adder.
The adder bites you but does no damage. x2
You closely miss the adder. You block the adder's attack.
Ijyb screams, "Me stronger than you!"
You miss the adder. The adder bites you but does no damage.
Ijyb zaps a wand.
The bolt of dispelling energy hits you! The adder completely misses you.
You closely miss the adder. You block the adder's attack.
Ijyb screams, "Get away!"
The adder bites you but does no damage.
Ijyb zaps a wand.
The bolt of dispelling energy hits you!
You are too injured to fight recklessly!
You are too injured to fight recklessly!
You are too injured to fight recklessly!
You are too injured to fight recklessly!
There are monsters nearby!
There are monsters nearby!
There are monsters nearby!
Unknown command.
The adder attacks as it pursues you! The adder barely misses you.
You barely miss the adder. The adder barely misses you.
The adder bites you but does no damage.
You slash the adder!
You kill the adder!
You swing at nothing.
Ijyb hits you with a +0 club.
You barely miss Ijyb.
Ijyb zaps a wand.
The bolt of dispelling energy hits you!
* * * LOW HITPOINT WARNING * * *
You hit Ijyb.
Ijyb is lightly wounded.
Ijyb barely misses you.
You feel very mighty all of a sudden.
You slurp down every last drop of the potion of might!
Ijyb zaps a wand.
The bolt of dispelling energy hits you!
Your magical effects are unravelling.
You die...
Your body crumbles into a pile of gold.

######.....# ###...
.....#.##..####.....
#.###.................
..........##'##....... #
###..⌠.##...##.⌠...#
.##.###...##.....##....#
.........#####....##...#
#..##..## ##....##... #
##@# .#.....#... #g#
.#.._..#... #...#
.#.....#... #...#.#
..##8.8##... #....[...
.#####.... #.... ...
##..... #........⌠
##.⌠.... ...#
.#.....#####....... #..
#.#.................


You could see Ijyb.

Vanquished Creatures
  A gnoll bouda (D:3)
  Jessica (D:2)
  Natasha (thrice) (D:2)
  Robin (D:2)
  5 adders
  5 gnolls (D:3)
  A dart slug (D:1)
  8 ball pythons
  2 bats (D:1)
  5 endoplasms
  A giant cockroach (D:1)
  10 goblins
  8 hobgoblins
  4 quokkas
  A frilled lizard (D:1)
  2 kobolds
  5 rats
63 creatures vanquished.

Notes
Turn   | Place    | Note
-------+----------+-------------------------------------------
     0 | D:1      | Getoffmy the Armataur Fighter began the quest for the Orb.
     0 | D:1      | Reached XP level 1. HP: 19/19 MP: 1/1
   159 | D:1      | Reached XP level 2. HP: 26/26 MP: 2/2
   349 | D:1      | Found a faded altar of an unknown god.
   357 | D:1      | Prayed at the altar of an unknown god.
   357 | D:1      | Became a worshipper of Gozag Ym Sagoz the Greedy
  1065 | D:2      | Identified the +5 dagger "Ycaitin" {freeze, *Rage Drain
                  | Str+4 Dex+7}
  1074 | D:2      | Noticed Jessica
  1080 | D:2      | Killed Jessica
  1081 | D:2      | Reached XP level 3. HP: 21/33 MP: 3/3
  1163 | D:2      | Reached XP level 4. HP: 23/40 MP: 4/4
  1317 | D:2      | Noticed Natasha
  1333 | D:2      | Killed Natasha
  1630 | D:2      | Noticed Robin
  1656 | D:2      | Killed Robin
  1774 | D:2      | Noticed Natasha
  1784 | D:2      | Killed Natasha
  1785 | D:2      | Reached XP level 5. HP: 40/48 MP: 5/5
  1802 | D:2      | Noticed Natasha
  1809 | D:2      | Killed Natasha
  2010 | D:3      | Reached XP level 6. HP: 43/54 MP: 6/6
  2077 | D:3      | Found a glowing silver altar of Zin.
  2240 | D:3      | Found a faded altar of an unknown god.
  2255 | D:3      | Noticed Ijyb
  2267 | D:3      | Killed from afar by Ijyb

Illustrated notes

Levels and vault maps discovered:
D:1:      sevenhm_arrival_forest_fort_large_4, layout_basic,
          nicolae_ecumenical_snake_handling
D:2:      layout_basic, chequers_serial_rivers_small_a, uniq_robin,
          uniq_jessica, uniq_natasha
D:3:      layout_basic, old_standard_altar, nicolae_overflow_ecumenical_swirl,
          uniq_ijyb

Skill      XL: |  1  2  3  4 |
---------------+-------------+-----
Axes           | 2 3 |  3.5
Fighting       | 3 |  3.6
Armour         | 4 |  4.8
Shields        | 4 |  4.5

Action                     |  1- 3 |  4- 6 || total
---------------------------+-------+-------++-------
  Melee: War axe           |    75 |   121 ||   196
         Tailslap          |     5 |    12 ||    17
    Use: Potion            |       |     2 ||     2
 Armour: Scale mail        |    61 |   116 ||   177
  Dodge: Dodged            |    26 |    50 ||    76
  Block: Buckler           |    12 |    26 ||    38

Table legend: (Time is in decaauts)
 A = Elapsed time spent in this place.
 B = Non-inter-level travel time spent in this place.
 C = Inter-level travel time spent in this place.
 D = Time resting spent in this place.
 E = Time spent auto-exploring this place.
 F = Levels seen in this place.
 G = Mean time per level.
                   A        B        C        D        E       F      G
               +--------+--------+--------+--------+--------+-----+--------+
         Total |   2359 |   2202 |    157 |    323 |   1379 |   3 |  786.3 |
       Dungeon |   2359 |   2202 |    157 |    323 |   1379 |   3 |  786.3 |
               +--------+--------+--------+--------+--------+-----+--------+

Top non-repeatable levels by time:
     D:1: 1013 daAuts
     D:2: 952 daAuts
     D:3: 393 daAuts
